 Dungeon Crawl Stone Soup version 0.29.1-15-g9cfb28693d (webtiles) character file.

Game seed: 13165610117336471012

54 Heoruswealwe the Shooter (level 3, -3/30 HPs)
             Began as a Demigod Hunter on Apr 9, 2023.
             Killed from afar by a dart slug (5 damage)
             ... with a slug dart
             ... on level 2 of the Dungeon.
             The game lasted 00:06:15 (537 turns).

Heoruswealwe the Shooter (Demigod Hunter)            Turns: 537, Time: 00:06:15

Health: -3/30      AC:  4    Str: 12    XL:     3   Next: 44%
Magic:  5/5        EV: 12    Int: 11    God:
Gold:   77         SH:  0    Dex: 21    Spells: 2/2 levels left

rFire   . . .      SeeInvis .   a - +0 shortbow
rCold   . . .      Faith    .   (shield currently unavailable)
rNeg    . . .      Spirit   .   c - +0 leather armour
rPois   .          Reflect  .   (no helmet)
rElec   .          Harm     .   f - +0 cloak
rCorr   .          Rampage  .   (no gloves)
Will    .....                   (no boots)
Stlth   ++........              (no amulet)
HPRegen 0.10/turn               (no ring)
MPRegen 0.09/turn               (no ring)

@: no status effects
A: high MP 1, forlorn, divine attributes
a: no special abilities


You were on level 2 of the Dungeon.
You visited 1 branch of the dungeon, and saw 2 of its levels.

You collected 77 gold pieces.

Inventory:

Hand Weapons
 a - a +0 shortbow (weapon)
Armour
 c - a +0 leather armour (worn)
 f - a +0 cloak (worn)
Scrolls
 b - a scroll of immolation
 d - a scroll of vulnerability {unknown}
 e - a scroll of teleportation {unknown}
Potions
 g - a potion of lignification {unknown}


   Skills:
 + Level 2.4 Fighting
 + Level 4.0 Ranged Weapons
 + Level 2.3 Dodging
 + Level 1.8 Stealth


You had 2 spell levels left.
You didn't know any spells.
Your spell library was empty.

Dungeon Overview and Level Annotations

Branches:
Dungeon (2/15)

Annotations:
D:2 Robin


Innate Abilities, Weirdness & Mutations

You have an increased reservoir of magic. (+10% MP)
You shall have no god before yourself.
Your divine heritage dramatically boosts your attributes as you level up.


Message History

The goblin no longer looks unusually strong.
The worm bites you. Robin throws the goblin at you!
The goblin barely misses you.
You are too injured to fight recklessly!
The goblin attacks as you move away! The goblin closely misses you.
The goblin hits you with a +0 club.
* * * LOW HITPOINT WARNING * * *
Found a stone staircase leading up.
The goblin attacks as you move away! The goblin closely misses you.
Robin roars a battlecry!
The goblin goes into a battle-frenzy!
The goblin hits you but does no damage. The goblin misses you.
The goblin attacks as you move away! The goblin hits you with a +0 club.
* * * LOW HITPOINT WARNING * * *
The goblin hits you with a +0 dagger.
* * * LOW HITPOINT WARNING * * *
You see here a scroll labelled QUAJUL PASICEWN.
The goblin attacks as you move away! The goblin closely misses you.
An adder comes into view.
The goblin no longer looks unusually strong.
The goblin attacks as you move away! The goblin completely misses you.
Fire: a) +0 shortbow
Press: ? - help, Q - select action Shift-Dir - straight line, f/p - worm
Aim: a worm (81% to hit)
You shoot an arrow. The arrow barely misses the goblin.
The arrow hits the goblin.
You kill the goblin!
The goblin hits you but does no damage.
A dart slug comes into view.
The goblin hits you with a +0 club.
* * * LOW HITPOINT WARNING * * *
Fire: a) +0 shortbow
Press: ? - help, Q - select action Shift-Dir - straight line, f/p - worm
Aim: a worm (81% to hit)
You shoot an arrow. The arrow barely misses the goblin.
The arrow hits Robin!
Robin is heavily wounded.
The goblin barely misses you. The dart slug launches a dart at you.
The slug dart hits you.
You die... g

# # # # # ######
#######....# #
#......?...#######
###........w..gg@..#
.#...........#.###w#
.>.........<...P. #
.##)....>....PP....
#####...#....♣♣♣P..#
...###.....♣ P.##
#### #.....P ##
..S..


You could see a worm, Robin, a dart slug and a goblin (strong).

Vanquished Creatures
  An adder (D:2)
  3 dart slugs (D:1)
  5 ball pythons (D:1)
  A bat (D:1)
  An endoplasm (D:1)
  2 giant cockroaches (D:1)
  8 goblins
  5 hobgoblins (D:1)
  2 jackals (D:1)
  4 frilled lizards (D:1)
  A kobold (D:1)
  3 rats (D:1)
36 creatures vanquished.

Vanquished Creatures (others)
  A plant (D:2)
1 creature vanquished.

Grand Total: 37 creatures vanquished

Notes
Turn   | Place    | Note
-------+----------+-------------------------------------------
     0 | D:1      | Heoruswealwe the Demigod Hunter began the quest for the
                  | Orb.
     0 | D:1      | Reached XP level 1. HP: 17/17 MP: 3/3
    48 | D:1      | Reached skill level 1 in Stealth
   104 | D:1      | Reached XP level 2. HP: 20/24 MP: 4/4
   345 | D:1      | Reached XP level 3. HP: 17/29 MP: 5/5
   505 | D:2      | Noticed Robin
   518 | D:2      | Reached skill level 4 in Ranged Weapons
   537 | D:2      | Killed from afar by a dart slug

Illustrated notes

Levels and vault maps discovered:
D:1:      wander_arrival_chamber, layout_rooms, minmay_misc_feat_room
D:2:      layout_rooms, serial_forest, infiniplex_forest_end_1,
          infiniplex_forest_fountain, infiniplex_forest_clump_C,
          infiniplex_forest_zigzag_1, infiniplex_forest_clump_small,
          infiniplex_forest_clump_double, basic_altar, uniq_robin,
          uniq_crazy_yiuf_cottage

Skill      XL: |  1  2  3 |
---------------+----------+-----
Stealth        | 1 |  1.8
Fighting       | 2 |  2.4
Dodging        | 2 |  2.3
Ranged Weapons | 4 |  4.0

Action                   || total
-------------------------++-------
 Fire: Shortbow          ||    94
Armor: Leather armour    ||    27
Dodge: Dodged            ||    53
